 Dungeon Crawl Stone Soup version 0.29.1-2-gbd0b4ee654 (webtiles) character file.

Game seed: 9747195808932831873

77 qeuew the Poker (level 4, -1/37 HPs)
             Began as a Merfolk Gladiator on Nov 10, 2022.
             Slain by an orc priest
             ... wielding a +2 hand axe of distortion
              (5 damage)
             ... on level 2 of the Dungeon.
             The game lasted 00:04:29 (1862 turns).

qeuew the Poker (Merfolk Gladiator)                 Turns: 1862, Time: 00:04:30

Health: -1/37      AC:  4    Str: 16    XL:     4   Next: 34%
Magic:  4/4        EV: 13    Int:  7    God:
Gold:   79         SH:  4    Dex: 15    Spells: 3/3 levels left

rFire   . . .      SeeInvis .   a - +0 trident
rCold   . . .      Faith    .   (no shield)
rNeg    . . .      Spirit   .   b - +0 leather armour
rPois   .          Reflect  .   c - +0 helmet
rElec   .          Harm     .   (no cloak)
rCorr   .          Rampage  .   (no gloves)
Will    .....      Clarity  +   (no boots)
Stlth   +.........              (no amulet)
HPRegen 0.12/turn               (no ring)
MPRegen 0.09/turn               (no ring)

@: no status effects
A: (nimble swimmer 2), mertail, large bone plates 1, clarity, robust 1,
MP-powered wands
a: no special abilities


You were on level 2 of the Dungeon.
You visited 1 branch of the dungeon, and saw 3 of its levels.

You collected 79 gold pieces.

Inventory:

Hand Weapons
 a - a +0 trident (weapon)
Missiles
 d - 3 throwing nets (quivered)
 e - 5 javelins
Armour
 b - a +0 leather armour (worn)
 c - a +0 helmet (worn)
Potions
 f - 2 potions of haste
 h - 2 potions of flight
 i - a potion of invisibility


   Skills:
 + Level 2.9 Fighting
 + Level 4.7 Polearms
 + Level 2.5 Throwing
 + Level 1.0 Armour
 + Level 4.6 Dodging


You had 3 spell levels left.
You didn't know any spells.
Your spell library was empty.

Dungeon Overview and Level Annotations

Branches:
Dungeon (3/15)

Altars:

Shops:
D:1 [


Innate Abilities, Weirdness & Mutations

((You are very nimble when in or above water. (Stealth+, EV+, Speed+++)))
Your lower body shifts to a powerful aquatic tail in water.
You are partially covered in large bone plates. (SH +4)
You possess an exceptional clarity of mind.
You are robust. (+10% HP)
You expend magic power (3 MP) to strengthen your wands.


Message History

The orc priest is lightly wounded.
You hit the orc priest.
The orc priest is heavily wounded.
You feel yourself slow down.
The orc priest hits you but does no damage.
Space warps around you.
The orc wizard gestures wildly while chanting.
The orc wizard flickers and vanishes!
Deactivating autopickup; reactivate with Ctrl-A.
The orc priest attacks as you move away!
The orc priest hits you with a +2 hand axe of distortion.
Space warps horribly around you!
* * * LOW HITPOINT WARNING * * *
You recover from your berserk rage.
There is a stone staircase leading up here.
You feel much better.
You feel your willpower return.
The orc priest calls down the wrath of Beogh upon you.
You barely resist. The orc priest barely misses you.
You climb upwards.
Reactivating autopickup.
There is a stone staircase leading down here.
You closely miss the orc priest.
The orc priest is heavily wounded.
The orc priest mumbles some strange prayers to Beogh against you.
Beogh smites you!
You hit the orc priest.
The orc priest is severely wounded.
The orc priest closely misses you.
You barely miss the orc priest.
The orc priest is severely wounded.
The orc priest hits you with a +2 hand axe of distortion.
* * * LOW HITPOINT WARNING * * *
Space warps around you.
* * * LOW HITPOINT WARNING * * *
You hit the orc priest but do no damage.
The orc priest is severely wounded.
The orc priest hits you with a +2 hand axe of distortion.
You die...

############## .............#
###.###.####.####### #### #.#
#.#..........##### #?.. #)#
#.#.#####.....##.## #.## #.#
#.#.# #.....#...## #.# ##.# #.#.#
#.o.#......#####.# #..# #.#.#
#.@..............# #.## #.#.#
#..........#)##### #.# #.#.#
###.###...##.###### #.# #.#.# #.#
##.###.......
##†####.#.#######.####.#########.
.........................# #.
...######..######.######.# #.
##.# #..# #.# #.# #. #.# #..# #†#
#.# #.


You could see an orc priest.

Vanquished Creatures
  2 adders (D:2)
  2 dart slugs (D:1)
  3 endoplasms
  2 giant cockroaches (D:1)
  4 goblins
  5 hobgoblins
  3 jackals (D:1)
  6 kobolds
  2 quokkas
  11 ball pythons
  3 bats
  3 frilled lizards
  3 rats
49 creatures vanquished.

Vanquished Creatures (others)
  A plant (D:1)
1 creature vanquished.

Grand Total: 50 creatures vanquished

Notes
Turn   | Place    | Note
-------+----------+-------------------------------------------
     0 | D:1      | qeuew the Merfolk Gladiator began the quest for the Orb.
     0 | D:1      | Reached XP level 1. HP: 16/16 MP: 1/1
    91 | D:1      | Found a faded altar of an unknown god.
    94 | D:1      | Reached XP level 2. HP: 22/23 MP: 2/2
   353 | D:1      | Reached XP level 3. HP: 25/28 MP: 3/3
   712 | D:1      | Found Eskiwk's Armour Boutique.
  1031 | D:2      | Reached skill level 1 in Armour
  1031 | D:2      | Reached XP level 4. HP: 26/34 MP: 4/4
  1826 | D:2      | Gained mutation: You are robust. (+10% HP) [potion of
                  | mutation]
  1826 | D:2      | Gained mutation: You expend magic power (3 MP) to
                  | strengthen your wands. [potion of mutation]
  1826 | D:2      | Gained mutation: You have hidden genetic defects. [potion
                  | of mutation]
  1827 | D:2      | Lost mutation: You are robust. (+10% HP) [potion of
                  | mutation]
  1827 | D:2      | Lost mutation: You have hidden genetic defects. [potion of
                  | mutation]
  1827 | D:2      | Gained mutation: Your muscles are strong. (Str +4, Int/Dex
                  | -1) [potion of mutation]
  1827 | D:2      | Gained mutation: Armour fits poorly on your strangely
                  | shaped body. [potion of mutation]
  1827 | D:2      | Gained mutation: Your spells are a little easier to cast,
                  | but a little less powerful. [potion of mutation]
  1828 | D:2      | Lost mutation: Your muscles are strong. (Str +4, Int/Dex
                  | -1) [potion of mutation]
  1828 | D:2      | Lost mutation: Armour fits poorly on your strangely shaped
                  | body. [potion of mutation]
  1828 | D:2      | Lost mutation: Your spells are a little easier to cast, but
                  | a little less powerful. [potion of mutation]
  1828 | D:2      | Gained mutation: You are robust. (+10% HP) [potion of
                  | mutation]
  1828 | D:2      | Gained mutation: You possess an exceptional clarity of
                  | mind. [potion of mutation]
  1828 | D:2      | Gained mutation: You are partially covered in large bone
                  | plates. (SH +4) [potion of mutation]
  1862 | D:2      | Slain by an orc priest

Illustrated notes

Levels and vault maps discovered:
D:1:      lightli_iron_boxes, layout_loops_ring,
          shapermc_ecumenical_altar_notcrosses, serial_shops,
          nicolae_shop_hallway_stairs, serial_bayou_ford_a, bh_walls_and_bars
D:2:      layout_loops_ring, grunt_ministairs_14, minmay_misc_feat_nine_boxes
D:3:      layout_rooms

Skill      XL: |  1  2  3 |
---------------+----------+-----
Armour         | 1 |  1.0
Fighting       | |  2.9
Polearms       | |  4.7
Throwing       | |  2.5
Dodging        | |  4.6

Action                   |  1- 3 |  4- 6 || total
-------------------------+-------+-------++-------
Melee: Trident           |    97 |    34 ||   131
       Punch             |     2 |       ||     2
Throw: Throwing net      |     1 |       ||     1
  Use: Scroll            |     2 |     2 ||     4
       Potion            |     1 |     8 ||     9
 Stab: Sleeping          |     1 |     2 ||     3
Armor: Leather armour    |    25 |     2 ||    27
Dodge: Dodged            |    47 |    16 ||    63
